 Dungeon Crawl Stone Soup version 0.27-a0-789-g6bb3289e1e (webtiles) character file.

Game seed: 3976361919632689534

53 robertstho the Shooter (level 3, -2/30 HPs)
             Began as a Minotaur Hunter on Mar 26, 2021.
             Killed by Freeze
             ... generated by an endoplasm
              (5 damage)
             ... on level 2 of the Dungeon.
             The game lasted 00:01:15 (1044 turns).

robertstho the Shooter (Minotaur Hunter)            Turns: 1044, Time: 00:01:16

Health: -2/30      AC:  5    Str: 17    XL:     3   Next: 62%
Magic:  2/2        EV: 11    Int:  8    God:
Gold:   68         SH:  0    Dex: 10    Spells: 2/2 levels left

rFire    . . .     SeeInvis .   b - +0 short sword
rCold    . . .     Faith    .   (no shield)
rNeg     . . .     Spirit   .   c - +0 leather armour
rPois    .         Reflect  .   f - +1 hat
rElec    .         Harm     .   (no cloak)
rCorr    .         Rampage  .   (no gloves)
Will     .....                  j - +0 pair of boots
Stlth    +.........             (no amulet)
HPRegen  0.10/turn              (no ring)
MPRegen  0.08/turn              (no ring)

@: attractive
A: horns 2, retaliatory headbutt
a: no special abilities


You were on level 2 of the Dungeon.
You visited 1 branch of the dungeon, and saw 2 of its levels.

You collected 68 gold pieces.

Inventory:

Hand Weapons
 a - a +1 shortbow
 b - a +0 short sword (weapon)
Missiles
 d - 15 arrows
Armour
 c - a +0 leather armour (worn)
 f - a +1 hat (worn)
 j - a +0 pair of boots (worn)
Jewellery
 g - a +6 ring of intelligence
Scrolls
 e - 2 scrolls of identify {unknown}
 h - 2 scrolls of amnesia {unknown}
 k - a scroll of holy word {unknown}


   Skills:
 * Level 2.9 Fighting
 * Level 5.7 Bows
 + Level 0.2 Armour
 + Level 2.2 Dodging
 - Level 0.7 Stealth


You had 2 spell levels left.
You didn't know any spells.
Your spell library contained the following spells:

 Spells                   Type           Power      Damage    Failure   Level
 Animate Skeleton         Necr           0%         N/A       45%         1
 Apportation              Tloc           0%         N/A       45%         1
 Corona                   Hex            0%         N/A       45%         1
 Summon Small Mammal      Summ           0%         N/A       45%         1


Dungeon Overview and Level Annotations

Branches:
Dungeon (2/15)

Altars:


Innate Abilities, Weirdness & Mutations

You have a pair of horns on your head.
You reflexively headbutt those who attack you in melee.


Message History

You miss the adder.
The adder is almost dead.
The adder bites you.
* * * LOW HITPOINT WARNING * * *
The adder bites you.
* * * LOW HITPOINT WARNING * * *
You are poisoned.
The adder poisons you! The endoplasm closely misses you.
You furiously retaliate!
You headbutt the endoplasm. The endoplasm barely misses you.
You furiously retaliate!
You headbutt the endoplasm. You barely miss the adder.
The adder is almost dead.
* * * LOW HITPOINT WARNING * * *
You feel very sick. The adder barely misses you.
The endoplasm hits you but does no damage.
The endoplasm misses you. You furiously retaliate!
You headbutt the endoplasm!
You kill the endoplasm!
It was a potion of attraction.
You feel attractive to monsters.
* * * LOW HITPOINT WARNING * * *
You feel sick. The adder bites you but does no damage.
The endoplasm barely misses you. The adder bites you but does no damage.
You miss the adder. Your headbutt misses the adder.
The adder is almost dead.
* * * LOW HITPOINT WARNING * * *
You feel sick. The adder barely misses you.
The endoplasm hits you but does no damage.
You closely miss the adder. You headbutt the adder.
You kill the adder!
* * * LOW HITPOINT WARNING * * *
You feel sick.
You are no longer poisoned.
The endoplasm barely misses you.
You aren't carrying any items that you can evoke.
Okay, then.
The endoplasm freezes you.
You are frozen.
You die...

##......## #.. .##.
#......# ##.
....######### #......#
#. ............#
#......# ##
....!.......# #......#
# ............#
#......# #
.......)....# #.†....#
...†........# #.<....#
............####@.....#
###............J.†....#
#...................#
#...................#
###########+#########


You could see an endoplasm.

Vanquished Creatures
  3 adders (D:2)
  A ball python (D:1)
  4 bats
  2 endoplasms (D:2)
  2 giant cockroaches (D:1)
  4 goblins
  2 hobgoblins
  A quokka (D:2)
  2 frilled lizards
  2 kobolds (D:2)
  A rat (D:2)
24 creatures vanquished.

Notes
Turn   | Place    | Note
-------+----------+-------------------------------------------
     0 | D:1      | robertstho the Minotaur Hunter began the quest for the Orb.
     0 | D:1      | Reached XP level 1. HP: 18/18 MP: 0/0
   332 | D:1      | Reached XP level 2. HP: 25/25 MP: 1/1
   856 | D:2      | Reached skill level 5 in Bows
   976 | D:2      | Reached XP level 3. HP: 30/30 MP: 2/2
  1032 | D:2      | HP: 1/30 [poisoned by an adder]
  1044 | D:2      | Killed from afar by an endoplasm

Illustrated notes

Levels and vault maps discovered:
D:1:      lemuel_arrival_lava_pool, layout_basic
D:2:      layout_basic

Skill      XL: |  1  2 |
---------------+-------+-----
Bows           | 5 |  5.7
Fighting       | |  2.9
Armour         | |  0.2
Dodging        | |  2.2
Stealth        | |  0.7

Action                   || total
-------------------------++-------
Melee: Short sword       ||     7
       Headbutt          ||     2
 Fire: Shortbow          ||    48
  Use: Potion            ||     1
Armor: Leather armour    ||     7
Dodge: Dodged            ||    14

Table legend: (Time is in decaauts)
 A = Elapsed time spent in this place.
 B = Non-inter-level travel time spent in this place.
 C = Inter-level travel time spent in this place.
 D = Time resting spent in this place.
 E = Time spent auto-exploring this place.
 F = Levels seen in this place.
 G = Mean time per level.
                   A        B        C        D        E       F      G
               +--------+--------+--------+--------+--------+-----+--------+
         Total |   1046 |    953 |     93 |      0 |    819 |   2 |  523.0 |
       Dungeon |   1046 |    953 |     93 |      0 |    819 |   2 |  523.0 |
               +--------+--------+--------+--------+--------+-----+--------+

Top non-repeatable levels by time:
     D:1: 782 daAuts
     D:2: 264 daAuts
